 Dungeon Crawl Stone Soup version 0.30-a0-568-g124715a40b (webtiles) character file.

Game seed: 11320764874480708086

7817 IdlyInterested the Fighter (level 11, -15/93 HPs)
             Began as a Demonspawn Berserker on Dec 28, 2022.
             Was an Elder of Trog.
             Demolished by a white ugly thing (25 damage)
             ... on level 9 of the Dungeon.
             The game lasted 00:27:32 (7574 turns).

IdlyInterested the Fighter (Demonspawn Berserker)   Turns: 7574, Time: 00:27:32

Health: -15/93     AC: 12    Str: 22    XL:     11   Next: 1%
Magic:  11/11      EV: 11    Int:  9    God:    Trog [****..]
Gold:   175        SH:  0    Dex: 12    Spells: 10/10 levels left

rFire   + . .      SeeInvis +    s - +0 flail (protect)
rCold   . . .      Faith    .    (no shield)
rNeg    . . .      Spirit   .    p - +2 ring mail {rF+}
rPois   +          Reflect  .    (helmet restricted)
rElec   .          Harm     .    (no cloak)
rCorr   .          Rampage  .    (no gloves)
Will    ++...                    o - +1 pair of boots
Stlth   ++                       e - amulet of regeneration
HPRegen 2.15/turn                g - ring of see invisible
MPRegen 0.12/turn                v - ring of poison resistance

@: strong-willed, on berserk cooldown, regenerating, slowed, very slow
A: horns 2, thin metallic scales 1, demonic guardian 2
a: Renounce Religion, Berserk, Trog's Hand, Brothers in Arms


You were on level 9 of the Dungeon.
You worshipped Trog.
Trog was greatly pleased with you.
You visited 2 branches of the dungeon, and saw 10 of its levels.
You also visited: Sewer.

You collected 500 gold pieces.
You spent 325 gold pieces at shops.

Inventory:

Hand Weapons
 a - a +1 mace
 s - a +0 flail of protection (weapon)
 y - a +1 falchion of flaming
Missiles
 c - 39 stones (quivered)
 j - 34 poisoned darts
 k - 5 datura-tipped darts
 n - a throwing net
 C - 4 boomerangs
Armour
 o - a +1 pair of boots (worn)
 p - a +2 ring mail of fire resistance (worn)
 u - a +1 ring mail of cold resistance
 G - a +0 plate armour
Jewellery
 b - an amulet of magic regeneration
 d - a ring of ice
 e - an amulet of regeneration (around neck)
 g - a ring of see invisible (left hand)
 v - a ring of poison resistance (right hand)
 E - a ring of protection from cold
 F - an amulet of faith
Wands
 q - a wand of flame (2)
Scrolls
 h - 6 scrolls of teleportation
 i - 3 scrolls of enchant weapon
 t - a scroll of blinking
 x - 4 scrolls of fear
Potions
 f - 2 potions of berserk rage
 l - 4 potions of ambrosia
 m - a potion of haste
 r - 2 potions of flight {unknown}
 w - 2 potions of heal wounds
 z - a potion of magic
 A - 2 potions of resistance
 B - 7 potions of curing
 D - 2 potions of lignification


   Skills:
 * Level 11.3 Fighting
 + Level 10.8 Maces & Flails
 - Level 1.0 Throwing
 - Level 4.0 Armour
 + Level 2.8 Dodging
 - Level 4.0 Stealth
 - Level 1.0 Evocations


You had 10 spell levels left.
You didn't know any spells.
Your spell library was empty.

Dungeon Overview and Level Annotations

Branches:
Dungeon (9/15)             Temple (1/1) D:6           Sewer (visited)
   Lair: D:8-11         Orc: D:9-12

Altars:
Ashenzari
Cheibriados
Dithmenos
Fedhas
Gozag
Hepliaklqana
Kikubaaqudgha
Makhleb
Nemelex Xobeh
Okawaru
Qazlal
Ru
Sif Muna
Trog
Uskayaw
Vehumet
Wu Jian
Xom
Yredelemnul

Shops:
D:6 =:

Annotations:
D:9 3 runed translucent doors, lotum's ghost, journeyman DrCj; snackwell's ghost, novice VSFi


Innate Abilities, Weirdness & Mutations

You have a pair of horns on your head.
You are partially covered in thin metallic scales. (AC +2)
A demonic guardian rushes to your aid.


Message History

The hornet buzzes angrily.
The white ugly thing gurgles horribly!
You hear a shout! x2; The bullfrog croaks.
You hear an angry hiss.
You hear a horrible gurgling sound!
You hear an angry hiss.
You hear a shout!
The hornet stings you.
An orc comes into view. It is wielding a +0 club.
You hear an angry hiss.
You hear a shout!
You hit the hornet.
Your weapon exudes an aura of protection.
You headbutt the hornet.
The hornet is moderately wounded.
The hornet completely misses you.
A centaur warrior comes into view. It is wielding a +0 flail.
A vampire comes into view.
A troll comes into view.
Your skin crawls.
You feel strong-willed.
The centaur warrior unwields a +0 flail.
The centaur warrior wields a +0 shortbow.
The centaur warrior shoots an arrow.
The arrow hits you.
The centaur warrior shoots an arrow.
The arrow hits you!
The white ugly thing closely misses you.
An orc warrior comes into view.
It is wielding a +0 mace. 2 green ugly things come into view.
The centaur warrior shoots an arrow.
The arrow hits you.
The centaur warrior shoots an arrow.
The arrow hits you.
The centaur warrior shoots an arrow.
The arrow hits you!
The centaur warrior shoots an arrow.
The arrow hits you! The white ugly thing gores you.
The white ugly thing freezes you!!
* * * LOW HITPOINT WARNING * * *
A demonic guardian appears!
You hear an angry buzzing noise.
You closely miss the white ugly thing. You headbutt the white ugly thing.
The white ugly thing is lightly wounded.
The centaur warrior unwields a +0 shortbow.
The centaur warrior wields a +0 flail.
The centaur warrior closely misses your ice devil.
The centaur warrior kicks your ice devil but does no damage.
The white ugly thing gores you!
* * * LOW HITPOINT WARNING * * *
The white ugly thing freezes you!!
You die...

.##.......#
.##........ #.
.##......##. ..
.##.....)##.# #.
###......##...#. .
.........##.#.#. .#
###.#######.#... .#
###.#######.# #.## .#
............# #.@# ..
########....####u##.#
###P⌠P.##....()c4zFy#
..#....8##..##)####z#
..#..... #..##..# T.
..+..... #..###.# u#
..+..... ##.# .. ..
..+..... #.# ### u#
..#W.... #..


o You could see a white ugly thing, a skeletal warrior, a centaur warrior (ally
target) and a friendly ice devil (summoned).

Vanquished Creatures
  3 centaur warriors
  Pikel (D:9)
  A cyclops (D:9)
  A tengu conjurer (D:9)
  A meliai (D:9)
  Sigmund (D:5)
  5 yaks
  Eustachio (D:6)
  A wyvern (D:7)
  Menkaure (D:5)
  Edmund (D:4)
  An acid dragon (D:8)
  A water moccasin (D:4)
  An orc warrior (D:8)
  2 ice beasts
  Pargi (Sewer)
  2 ogres
  2 phantoms
  3 centaurs
  Blork the orc (D:6)
  2 kobold brigands
  A bullfrog (D:7)
  2 scorpions
  3 wights (D:7)
  3 electric eels (D:7)
  4 howler monkeys
  2 hounds
  3 jellies
  4 orc priests
  Terence (D:3)
  3 iguanas
  7 orc wizards
  5 gnolls
  12 adders
  7 shadow imps
  2 white imps (D:7)
  An ufetubus (D:7)
  2 worms (D:4)
  8 orcs
  7 endoplasms
  5 giant cockroaches
  7 hobgoblins
  2 jackals (D:4)
  3 quokkas
  6 ball pythons
  3 bats
  2 frilled lizards (D:1)
  8 goblins
  9 kobolds
  6 rats
161 creatures vanquished.

Vanquished Creatures (collateral kills)
  2 yaks (D:7)
  An orc warrior (D:8)
  A necrophage (D:4)
  A gnoll sergeant (D:6)
  A jelly (D:8)
  2 orc wizards
  12 gnolls
  5 orcs
  3 kobolds
28 creatures vanquished.

Vanquished Creatures (others)
  A gnoll sergeant (D:9)
  A gnoll bouda (D:6)
  An orc (D:4)
  A kobold (D:6)
  8 demonic plants (D:7)
  3 withered plants (D:9)
15 creatures vanquished.

Grand Total: 204 creatures vanquished

Notes
Turn   | Place    | Note
-------+----------+-------------------------------------------
     0 | D:1      | IdlyInterested the Demonspawn Berserker began the quest for
                  | the Orb.
     0 | D:1      | Reached XP level 1. HP: 18/18 MP: 1/1
   219 | D:1      | Found a faded altar of an unknown god.
   251 | D:1      | Gained mutation: You have a pair of small horns on your
                  | head. [demonic ancestry]
   251 | D:1      | Reached XP level 2. HP: 24/24 MP: 2/2
   798 | D:2      | Reached XP level 3. HP: 30/30 MP: 3/3
   848 | D:2      | Found a bloodstained altar of Trog.
  1078 | D:2      | Reached skill level 4 in Fighting
  1147 | D:2      | Reached ** piety under Trog
  1183 | D:2      | Gained mutation: You have a pair of horns on your head.
                  | [demonic ancestry]
  1183 | D:2      | Reached XP level 4. HP: 37/37 MP: 4/4
  1508 | D:3      | Found a transporter.
  1651 | D:3      | Found a transporter.
  1705 | D:3      | Noticed Terence
  1716 | D:3      | Killed Terence
  1910 | D:3      | Gained mutation: A weak demonic guardian rushes to your
                  | aid. [demonic ancestry]
  1910 | D:3      | Reached XP level 5. HP: 7/43 MP: 5/5
  2094 | D:4      | Reached skill level 5 in Fighting
  2102 | D:4      | Reached skill level 1 in Stealth
  2251 | D:4      | Noticed Edmund
  2266 | D:4      | Killed Edmund
  2267 | D:4      | Reached skill level 1 in Evocations
  2267 | D:4      | Reached XP level 6. HP: 29/51 MP: 6/6
  2323 | D:4      | Reached skill level 5 in Maces & Flails
  2630 | D:4      | Found an iron altar of Okawaru.
  2631 | D:4      | Found a basalt altar of Yredelemnul.
  2646 | D:4      | Found a broken altar of Ashenzari.
  2647 | D:4      | Found an opulent altar of Gozag.
  2647 | D:4      | Found a bloodstained altar of Trog.
  2647 | D:4      | Found a radiant altar of Vehumet.
  2653 | D:4      | Gained mutation: A demonic guardian rushes to your aid.
                  | [demonic ancestry]
  2653 | D:4      | Reached XP level 7. HP: 56/57 MP: 7/7
  2654 | D:4      | Found a hazy altar of Hepliaklqana.
  2655 | D:4      | Found a stormy altar of Qazlal.
  2656 | D:4      | Found an ancient bone altar of Kikubaaqudgha.
  2656 | D:4      | Found a sparkling altar of Nemelex Xobeh.
  2667 | D:4      | Reached skill level 6 in Fighting
  3109 | D:5      | Entered Level 5 of the Dungeon
  3150 | D:5      | Found a glowing drain.
  3175 | Sewer    | Entered a sewer
  3204 | Sewer    | Reached *** piety under Trog
  3233 | Sewer    | Noticed Pargi
  3249 | Sewer    | Killed Pargi
  3524 | D:5      | Reached skill level 1 in Throwing
  3800 | D:5      | Noticed Menkaure
  3804 | D:5      | Killed Menkaure
  3805 | D:5      | Reached skill level 7 in Fighting
  3805 | D:5      | Gained mutation: You are partially covered in thin metallic
                  | scales. (AC +2) [demonic ancestry]
  3805 | D:5      | Reached XP level 8. HP: 56/67 MP: 8/8
  4092 | D:5      | Noticed Sigmund
  4099 | D:5      | Killed Sigmund
  4326 | D:6      | Noticed Eustachio
  4343 | D:6      | Killed Eustachio
  4467 | D:6      | Reached skill level 8 in Fighting
  4524 | D:6      | Noticed Blork the orc
  4533 | D:6      | Killed Blork the orc
  4639 | D:6      | Found a staircase to the Ecumenical Temple.
  4648 | Temple   | Entered the Ecumenical Temple
  4705 | D:6      | Reached XP level 9. HP: 74/74 MP: 9/9
  4763 | D:6      | Found Moxer's Vocational Training.
  4859 | D:6      | Found Loitt's Jewellery Shoppe.
  5528 | D:7      | Reached **** piety under Trog
  5635 | D:7      | Reached skill level 9 in Fighting
  6273 | D:6      | Bought a ring of protection from cold for 325 gold pieces
  6569 | D:8      | Reached XP level 10. HP: 77/84 MP: 10/10
  6675 | D:8      | Noticed a centaur warrior
  6684 | D:8      | Killed a centaur warrior
  6685 | D:8      | Reached skill level 10 in Fighting
  7466 | D:9      | Noticed lotum's ghost (journeyman DrCj)
  7466 | D:9      | Noticed snackwell's ghost (novice VSFi)
  7466 | D:9      | Found a runed translucent gate.
  7466 | D:9      | Found a runed translucent gate.
  7466 | D:9      | Found a runed translucent gate.
  7524 | D:9      | Noticed a cyclops
  7524 | D:9      | Noticed Pikel
  7527 | D:9      | Noticed a centaur warrior
  7539 | D:9      | Identified the +6 rapier "Voraed" {flame, Fly rCorr Str+7
                  | Int-2}
  7539 | D:9      | Noticed a centaur warrior
  7542 | D:9      | Reached skill level 10 in Maces & Flails
  7543 | D:9      | Killed a centaur warrior
  7549 | D:9      | Killed Pikel
  7550 | D:9      | Reached skill level 11 in Fighting
  7551 | D:9      | Killed a cyclops
  7556 | D:9      | Killed a centaur warrior
  7557 | D:9      | Reached XP level 11. HP: 61/93 MP: 11/11
  7568 | D:9      | Noticed a white ugly thing
  7569 | D:9      | Noticed a skeletal warrior
  7570 | D:9      | Noticed a centaur warrior
  7572 | D:9      | Noticed a green ugly thing
  7572 | D:9      | Noticed a green ugly thing
  7574 | D:9      | Demolished by a white ugly thing

Illustrated notes

Levels and vault maps discovered:
D:1:      lemuel_arrival_cross, layout_loops_ring, ebering_ecumenical_altar_webs
D:2:      layout_basic, basic_altar
D:3:      gammafunk_wand_slinger, layout_basic, uniq_terence
D:4:      layout_loops_ring, nicolae_overflows_in_rows,
          chequers_serial_rivers_room_a, uniq_edmund
D:5:      layout_loops_ring, portal_sewer_entry_b, minmay_crystal_water,
          grunt_ministairs_15, uniq_sigmund, uniq_menkaure
D:6:      layout_gridville, minmay_temple_entry_mini_moons, serial_shops,
          nicolae_shop_hallway_plus, nicolae_shop_vocational,
          uniq_blork_the_orc, uniq_eustachio
D:7:      statuecave_lemuel, layout_loops_ring, serial_demonic,
          serial_demonic_g, serial_demonic_g, serial_demonic_f,
          serial_demonic_g, nicolae_fountain_basement
D:8:      layout_cave_pods, small_chamber_with_monster
D:9:      minmay_the_grid_square_5x5_4x4 [minmay_the_grid_square_5x5_tri_point,
          minmay_the_grid_square_5x5_two_walls_a,
          minmay_the_grid_square_5x5_hollow_slash,
          minmay_the_grid_square_5x5_inset, minmay_the_grid_square_5x5_inner_i,
          minmay_the_grid_square_5x5_prize_snowflake,
          minmay_the_grid_square_5x5_prize_gold,
          minmay_the_grid_square_5x5_lines, minmay_the_grid_square_5x5_c,
          minmay_the_grid_square_5x5_prize_pseudospiral,
          minmay_the_grid_square_5x5_prize_junk,
          minmay_the_grid_square_5x5_fancy_junction,
          minmay_the_grid_square_5x5_trominoes,
          minmay_the_grid_square_5x5_detours, minmay_the_grid_square_5x5_six,
          minmay_the_grid_square_5x5_minibox], layout_basic,
          gammafunk_ghost_cemetery, kennysheep_generic_room_5, uniq_pikel,
          uniq_joseph, uniq_maggie
Temple:   nicolae_temple_ecumenical_triangle

Skill      XL: |  1  2  3  4  5  6  7  8  9 10 |
---------------+-------------------------------+-----
Maces & Flails | 3 4 5 6 7 9 10 | 10.8
Armour         | 2 3 4 |  4.0
Fighting       | 4 5 7 8 9 11 | 11.3
Dodging        | 2 |  2.8
Stealth        | 1 3 4 |  4.0
Evocations     | 1 |  1.0
Throwing       | 1 |  1.0

Action                   |  1- 3 |  4- 6 |  7- 9 | 10-12 || total
-------------------------+-------+-------+-------+-------++-------
Melee: Mace              |    85 |    63 |       |       ||   148
       Headbutt          |     9 |    16 |    56 |    32 ||   113
       Punch             |       |     2 |     5 |       ||     7
       Flail             |       |    28 |   286 |   104 ||   418
Throw: Stone             |       |    16 |     9 |     1 ||    26
       Dart              |       |     3 |     8 |     4 ||    15
Invok: Berserk           |       |     1 |       |     2 ||     3
       Trog's Hand       |       |     1 |       |     1 ||     2
Evoke: Wand              |       |    15 |     4 |     1 ||    20
  Use: Scroll            |     6 |     8 |     5 |     1 ||    20
       Potion            |       |     2 |       |       ||     2
Armor: Ring mail         |    33 |    31 |   174 |    60 ||   298
       Animal skin       |     1 |       |       |       ||     1
       Chain mail        |       |    11 |       |       ||    11
Dodge: Dodged            |    54 |    41 |   171 |    61 ||   327

Table legend: (Time is in decaauts)
 A = Elapsed time spent in this place.
 B = Non-inter-level travel time spent in this place.
 C = Inter-level travel time spent in this place.
 D = Time resting spent in this place.
 E = Time spent auto-exploring this place.
 F = Levels seen in this place.
 G = Mean time per level.
                   A        B        C        D        E       F      G
               +--------+--------+--------+--------+--------+-----+--------+
         Total |   7693 |   6430 |   1263 |    221 |   4144 |  11 |  699.4 |
       Dungeon |   7437 |   6174 |   1263 |    221 |   4012 |   9 |  826.3 |
        Temple |     42 |     42 |      0 |      0 |     21 |   1 |   42.0 |
         Sewer |    213 |    213 |      0 |      0 |    111 |   1 |  213.0 |
               +--------+--------+--------+--------+--------+-----+--------+

Top non-repeatable levels by time:
     D:4: 1229 daAuts
     D:6: 1073 daAuts
     D:8: 1037 daAuts
     D:5: 963 daAuts
     D:7: 888 daAuts
     D:1: 846 daAuts
     D:3: 733 daAuts
     D:2: 535 daAuts
   Sewer: 213 daAuts
     D:9: 130 daAuts
  Temple: 42 daAuts
